 Dungeon Crawl Stone Soup version 0.20.1-1-g8b1a95d (console) character file.

72 hilaritas the Digger (level 4, -8/36 HPs)
             Began as a Deep Elf Earth Elementalist on Sept 10, 2017.
             Killed by divine providence
             ... invoked by an orc priest
              (14 damage)
             ... on level 3 of the Dungeon.
             The game lasted 00:04:16 (1949 turns).

hilaritas the Digger (Deep Elf Earth Elementalist)  Turns: 1949, Time: 00:04:17

Health: -8/36      AC: 22    Str:  6    XL:     4   Next: 7%
Magic:  1/10       EV:  2    Int: 20    God:
Gold:   132        SH:  0    Dex: 15    Spells: 5/9 levels left

rFire    . . .     SeeInvis .   k - +0 dagger
rCold    . . .     Gourm    .   (no shield)
rNeg     + + +     Faith    .   (armour currently unavailable)
rPois    +         Spirit   .   (helmet currently unavailable)
rElec    .         Reflect  .   (cloak currently unavailable)
rCorr    .         Harm     .   (gloves currently unavailable)
MR       .....     NoTele   +   (boots currently unavailable)
Stlth    ++........             (no amulet)
Regen    0.2/turn               (no ring)
MPRegen  0.2/turn               (no ring)

@: tree-form
A: no striking features
a: no special abilities


You were on level 3 of the Dungeon.
You were not hungry.
You were a tree.
You visited 1 branch of the dungeon, and saw 3 of its levels.

You collected 132 gold pieces.

Inventory:

Hand Weapons
 k - a +0 dagger (weapon)
Missiles
 a - 20 arrows
 b - 26 stones (quivered)
Armour
 c - a +0 robe (melded)
 o - a +0 pair of gloves (melded)
Jewellery
 s - an uncursed ring of protection from cold {unknown}
Wands
 i - a wand of lightning (10/15)
Scrolls
 j - 5 scrolls of identify {unknown}
 q - a scroll of magic mapping {unknown}
Potions
 l - a potion of haste
Books
 e - a book of Geomancy

   Spells                             Type                      Level
   a - Sandblast                      Earth                        1
   b - Passwall                       Transmutation/Earth          2
   c - Stone Arrow                    Conjuration/Earth            3
   d - Petrify                        Transmutation/Earth          4
   e - Lee's Rapid Deconstruction     Earth                        5
Comestibles
 d - 2 bread rations
 g - 2 meat rations
 p - 2 chunks of flesh
 r - a royal jelly


   Skills:
 - Level 2.4 Dodging
 - Level 2.4 Stealth
 - Level 3.0 Spellcasting
 * Level 1.9 Conjurations
   Level 1.1 Transmutations
 - Level 5.0 Earth Magic


You had 5 spell levels left.
You knew the following spells:

 Your Spells              Type           Power        Failure   Level  Hunger
a - Sandblast             Erth           ###...       1%          1    None
b - Stone Arrow           Conj/Erth      ###...       11%         3    ###....


Dungeon Overview and Level Annotations

Branches:
Dungeon (3/15)

Altars:

Annotations:
D:3 Terence


Message History

Press: ? - help, Shift-Dir - straight line, f/p - orc priest
Aim: an orc priest, wielding a club The blast of sand hits Terence.
Terence is almost dead.
b - 27 stones The orc priest mumbles some strange prayers to Beogh against you.
Beogh smites you!
* * * LOW HITPOINT WARNING * * *
Terence hits you but does no damage.
Casting: Sandblast
Confirm with . or Enter, or press ? or * to list all spells.
Aiming: Sandblast
Press: ? - help, Shift-Dir - straight line, f/p - orc priest
Aim: an orc priest, wielding a club The blast of sand hits Terence.
Terence is almost dead.
b - 26 stones The orc priest calls down the wrath of Beogh upon you.
Beogh smites you!
You die...

#.# #.# #.#
#.# #.########
#)........ #
#g########
###..######o#
.....oo.o..o#
#.#########@##
###♣#.##
#..###.#
#.#.#.##
#.##.## #.####
#)# #<# #.#
#.# #.# #.#


You could see Terence, an orc priest, an orc and a hobgoblin.

Vanquished Creatures
  2 adders (D:2)
  2 oozes (D:2)
  A worm (D:2)
  2 dart slugs (D:1)
  A leopard gecko (D:2)
  2 orcs (D:3)
  A ball python (D:2)
  2 giant cockroaches (D:2)
  3 goblins
  8 hobgoblins
  2 jackals (D:2)
  2 bats
  2 frilled lizards
  A kobold (D:2)
  4 rats
35 creatures vanquished.

Notes
Turn   | Place    | Note
-------+----------+-------------------------------------------
     0 | D:1      | hilaritas the Deep Elf Earth Elementalist began the quest for the Orb.
     0 | D:1      | Reached XP level 1. HP: 10/10 MP: 6/6
   507 | D:1      | Reached XP level 2. HP: 15/15 MP: 6/8
   564 | D:1      | Reached skill level 4 in Earth Magic
  1259 | D:2      | Reached XP level 3. HP: 19/19 MP: 7/9
  1267 | D:2      | Learned a level 3 spell: Stone Arrow
  1729 | D:2      | Reached skill level 5 in Earth Magic
  1760 | D:2      | Reached skill level 1 in Conjurations
  1869 | D:3      | Reached XP level 4. HP: 24/24 MP: 8/10
  1907 | D:3      | Noticed Terence
  1949 | D:3      | Killed from afar by an orc priest

Skill      XL: |  1  2  3 |
---------------+----------+-----
Earth Magic    | 4 5 |  5.0
Conjurations   | 1 |  1.9
Dodging        | |  2.4
Stealth        | |  2.4
Spellcasting   | |  3.0
Transmutations | |  1.1

Action                   |  1- 3 |  4- 6 || total
-------------------------+-------+-------++-------
Melee: Dagger            |       |     6 ||     6
 Cast: Sandblast         |    43 |    22 ||    65
  Use: Potion            |       |     5 ||     5
  Eat: Chunk             |     3 |       ||     3
Armor: Skin              |       |     9 ||     9
Dodge: Dodged            |     6 |     8 ||    14
